 Dungeon Crawl Stone Soup version 0.28.0-47-ge53b351184 (webtiles) character file.

Game seed: 8255624050465442904

251 GigaChad the Covered (level 5, -5/47 HPs)
             Began as a Minotaur Fighter on May 9, 2022.
             Was a Believer of Wu Jian.
             Killed from afar by an orc wizard (6 damage)
             ... with a magic dart
             ... on level 4 of the Dungeon.
             The game lasted 00:07:34 (3311 turns).

GigaChad the Covered (Minotaur Fighter)             Turns: 3311, Time: 00:07:35

Health: -5/47      AC:  0    Str: 21    XL:     5   Next: 88%
Magic:  4/4        EV:  8    Int:  5    God:    Wu Jian [**....]
Gold:   125        SH:  0    Dex: 11    Spells: 4/4 levels left

rFire   . . .      SeeInvis .   a - +0 long sword
rCold   . . .      Faith    .   p - +0 kite shield
rNeg    . . .      Spirit   .   b - +0 scale mail
rPois   .          Reflect  .   (helmet restricted)
rElec   .          Harm     .   (no cloak)
rCorr   .          Rampage  .   (no gloves)
Will    .....                   (no boots)
Stlth   ..........              (no amulet)
HPRegen 0.15/turn               (no ring)
MPRegen 0.09/turn               (no ring)

@: confused, corroded
A: horns 2, retaliatory headbutt
a: Renounce Religion, Wall Jump


You were on level 4 of the Dungeon.
You worshipped Wu Jian.
Wu Jian was pleased with you.
You visited 1 branch of the dungeon, and saw 4 of its levels.

You collected 125 gold pieces.

Inventory:

Hand Weapons
 a - a +0 long sword (weapon)
 j - a +0 falchion
Armour
 b - a +0 scale mail (worn)
 c - a +0 buckler
 p - a +0 kite shield (worn)
Jewellery
 i - an amulet of magic regeneration
 l - a ring of ice
 m - a ring of protection from cold
Wands
 n - a wand of iceblast (9)
Scrolls
 e - a scroll of identify
 g - a scroll of silence
 h - a scroll of fear
Potions
 d - 2 potions of might
 f - a potion of attraction {unknown}
 k - a potion of ambrosia {unknown}
 o - a potion of resistance {unknown}
 q - 2 potions of curing {unknown}


   Skills:
 + Level 4.5 Fighting
 + Level 5.0 Long Blades
 + Level 5.1 Armour
 + Level 0.2 Dodging
 + Level 0.1 Stealth
 + Level 4.6 Shields


You had 4 spell levels left.
You didn't know any spells.
Your spell library was empty.

Dungeon Overview and Level Annotations

Branches:
Dungeon (4/15)
 Temple: D:4-7

Altars:
Wu Jian


Innate Abilities, Weirdness & Mutations

You have a pair of horns on your head.
You reflexively headbutt those who attack you in melee.


Message History

a +0 club; a +0 chain mail; an orc corpse You closely miss the orc.
You headbutt the orc.
The orc is lightly wounded.
The orc hits you with a +0 hand axe.
You closely miss the orc.
The orc is lightly wounded.
You block the orc's attack. The orc hits you with a +0 hand axe.
You hit the orc.
You kill the orc!
The Council accepts your kill. The ball python closely misses you.
The ball python grabs you. The ball python constricts you.
You hit the ball python.
You kill the ball python!
The Council accepts your kill.
You completely miss something. Something hits you. x2
You miss something. Your headbutt misses something. Something hits you.
You hit something but do no damage.
You hear some strange, mumbled words.
You are confused.
You bump into the rock wall.
Something hits you. Something hits you.
* * * LOW HITPOINT WARNING * * *
You're too confused to move!
Something hits you.
* * * LOW HITPOINT WARNING * * *
You miss something.
You feel less confused. Something hits you.
* * * LOW HITPOINT WARNING * * *
You hear some strange, mumbled words.
You are confused.
You bump into the rock wall.
Something hits you.
* * * LOW HITPOINT WARNING * * *
You bump into the rock wall.
Something hits you.
* * * LOW HITPOINT WARNING * * *
You're too confused to move!
You hear some strange, mumbled words.
A magic dart appears from out of thin air!
The magic dart hits you.
You die...

... .... ###
....#######<#
......?..##.#
.........##.#
.........##.#
.........##.#
.........){.#
#######'###@#
#.......###....#
#.......# ....#
#.......# ....♣
#.....### ...♣♣
###... ♣.♣♣ #...
♣♣ ....


There were no monsters in sight!

Vanquished Creatures
  A necrophage (D:3)
  A jelly (D:4)
  5 adders
  A worm (D:3)
  2 dart slugs (D:2)
  3 orcs
  4 bats
  10 endoplasms
  3 giant cockroaches
  6 goblins
  2 hobgoblins (D:2)
  3 jackals (D:2)
  11 kobolds
  2 quokkas
  11 ball pythons
  5 frilled lizards
  6 rats
76 creatures vanquished.

Vanquished Creatures (others)
  4 plants (D:2)
4 creatures vanquished.

Grand Total: 80 creatures vanquished

Notes
Turn   | Place    | Note
-------+----------+-------------------------------------------
     0 | D:1      | GigaChad the Minotaur Fighter began the quest for the Orb.
     0 | D:1      | Reached XP level 1. HP: 19/19 MP: 0/0
   340 | D:1      | Reached XP level 2. HP: 27/27 MP: 1/1
   824 | D:1      | Found a faded altar of an unknown god.
   833 | D:1      | Prayed at the altar of an unknown god.
   833 | D:1      | Became a worshipper of the Wu Jian Council
   833 | D:1      | Reached * piety under Wu Jian
   925 | D:2      | Reached XP level 3. HP: 33/33 MP: 2/2
  1480 | D:2      | Reached ** piety under Wu Jian
  1555 | D:2      | Reached XP level 4. HP: 40/40 MP: 3/3
  3106 | D:3      | Noticed a necrophage
  3116 | D:3      | Killed a necrophage
  3117 | D:3      | Reached skill level 5 in Armour
  3117 | D:3      | Reached XP level 5. HP: 44/47 MP: 4/4
  3290 | D:4      | Reached skill level 5 in Long Blades
  3310 | D:4      | HP: 1/47 [something (5)]
  3311 | D:4      | Killed from afar by an orc wizard

Illustrated notes

Levels and vault maps discovered:
D:1:      lightli_arrival_farm, layout_loops_ring, basic_ecumenical_altar
D:2:      minmay_recursive_quarters, layout_loops_cross, serial_forest,
          infiniplex_forest_lined_2, infiniplex_forest_pool,
          infiniplex_forest_clump_small, infiniplex_forest_corner_1,
          infiniplex_forest_zigzag_2, infiniplex_forest_clump_medium,
          infiniplex_forest_side_room, infiniplex_forest_lined_4_way,
          infiniplex_forest_clump_medium
D:3:      layout_loops_ring
D:4:      layout_basic, uniq_grinder, uniq_robin, uniq_crazy_yiuf_cottage

Skill      XL: |  1  2  3  4  5 |
---------------+----------------+-----
Fighting       | 4 |  4.5
Armour         | 4 5 |  5.1
Shields        | 4 |  4.6
Long Blades    | 3 4 5 |  5.0
Dodging        | |  0.2
Stealth        | |  0.1

Action                   |  1- 3 |  4- 6 || total
-------------------------+-------+-------++-------
Melee: Long sword        |    96 |    78 ||   174
       Headbutt          |    12 |    13 ||    25
Invok: Whirlwind         |    13 |    11 ||    24
       Lunge             |     4 |     4 ||     8
  Use: Scroll            |     1 |     2 ||     3
Armor: Scale mail        |    36 |    24 ||    60
Dodge: Dodged            |    46 |    35 ||    81
Block: Buckler           |    21 |     8 ||    29
       Kite shield       |       |    16 ||    16
